Dernière mise à jour: 2024-12-21 19:23:14
% Time on Ice - BANFF WOLVES
Lines # - Real PCT - Wanted PCT - Time Play
Normal Forward
1 - 33% - 36% - 13:57
2 - 30% - 34% - 12:41
3 - 21% - 25% - 8:36
4 - 16% - 5% - 6:37
Normal Defense
1 - 39% - 40% - 16:18
2 - 32% - 34% - 13:30
3 - 26% - 16% - 10:51
4 - 3% - 10% - 1:12
PP Forward
1 - 52% - 55% - 8:19
2 - 48% - 45% - 7:33
PP Defense
1 - 46% - 55% - 7:18
2 - 54% - 45% - 8:34
PK Forward
1 - 59% - 55% - 1:21
2 - 41% - 45% - 0:56
PK Defense
1 - 28% - 55% - 0:38
2 - 72% - 45% - 1:39
PK3 Forward
1 - 0% - 55%
2 - 0% - 45%
PK3 Defense
1 - 0% - 55%
2 - 0% - 45%
44 Forward
1 - 0% - 55%
2 - 0% - 45%
44 Defense
1 - 0% - 55%
2 - 0% - 45%
Last Minute Offensive  - 0:00
Last Minute Defensive  - 0:00
Total
Forward - 60:00
Defense - 60:00
% Time on Ice - SAN DIEGO THUNDER
Lines # - Real PCT - Wanted PCT - Time Play
Normal Forward
1 - 29% - 36% - 12:10
2 - 28% - 29% - 11:54
3 - 21% - 25% - 8:36
4 - 22% - 10% - 9:11
Normal Defense
1 - 33% - 36% - 13:43
2 - 32% - 31% - 13:35
3 - 24% - 23% - 9:52
4 - 11% - 10% - 4:41
PP Forward
1 - 56% - 55% - 1:17
2 - 44% - 45% - 1:00
PP Defense
1 - 44% - 55% - 1:00
2 - 56% - 45% - 1:17
PK Forward
1 - 59% - 55% - 9:20
2 - 41% - 45% - 6:32
PK Defense
1 - 66% - 55% - 10:27
2 - 34% - 45% - 5:25
PK3 Forward
1 - 0% - 55%
2 - 0% - 45%
PK3 Defense
1 - 0% - 55%
2 - 0% - 45%
44 Forward
1 - 0% - 55%
2 - 0% - 45%
44 Defense
1 - 0% - 55%
2 - 0% - 45%
Last Minute Offensive  - 0:00
Last Minute Defensive  - 0:00
Total
Forward - 60:00
Defense - 60:00
Play-by-Play 1st period 0:01 of 1st period - Joel Eriksson Ek wins face-off versus Trevor Lewis in neutral zone. 1:10 of 1st period - Shot by Elias Lindholm. 1:10 of 1st period - Shot Misses the Net. 1:15 of 1st period - Icing by Filip Zadina. 1:16 of 1st period - Adam Henrique wins face-off versus Wyatt Johnston in SAN DIEGO THUNDER zone. 1:19 of 1st period - Shot by Jason Dickinson. 1:19 of 1st period - Shot Misses the Net. 1:21 of 1st period - Shot by Ian Cole. 1:21 of 1st period - Shot Misses the Net. 1:23 of 1st period - Shot by Simon Benoit. 1:23 of 1st period - Stopped by Martin Jones with a rebound. 1:25 of 1st period - Shot by Adam Henrique. 1:25 of 1st period - Shot Misses the Net. 1:27 of 1st period - Shot by Jason Dickinson. 1:27 of 1st period - Shot Misses the Net. 1:29 of 1st period - Shot by Jason Dickinson. 1:29 of 1st period - Shot Blocked by Jack Johnson. 1:37 of 1st period - Shot by Drake Batherson. 1:37 of 1st period - Stopped by Martin Jones without a rebound. 1:38 of 1st period - Radek Faksa wins face-off versus J.T. Compher in SAN DIEGO THUNDER zone. 1:43 of 1st period - Miro Heiskanen is hit by Dmitri Voronkov and loses puck. 2:04 of 1st period - Shot by Dmitri Voronkov. 2:04 of 1st period - Stopped by Connor Hellebuyck without a rebound. 2:05 of 1st period - Adam Henrique wins face-off versus Aliaksei Protas in BANFF WOLVES zone. 2:21 of 1st period - Shot by Joel Farabee. 2:21 of 1st period - Shot Misses the Net. 2:23 of 1st period - Shot by Aliaksei Protas. 2:23 of 1st period - Stopped by Connor Hellebuyck with a rebound. 2:44 of 1st period - Icing by Adam Boqvist. 2:45 of 1st period - Casey Cizikas wins face-off versus Aliaksei Protas in SAN DIEGO THUNDER zone. 3:32 of 1st period - Radek Faksa is hit by Quinton Hughes. 3:37 of 1st period - Wyatt Johnston is hit by Miro Heiskanen and loses puck. 4:08 of 1st period - Shot by Joel Eriksson Ek. 4:08 of 1st period - Shot Misses the Net. 4:15 of 1st period - Joel Farabee is hit by Roman Josi and loses puck. 4:47 of 1st period - Icing by Erik Cernak. 4:48 of 1st period - Elias Lindholm wins face-off versus Jake Neighbours in SAN DIEGO THUNDER zone. 4:53 of 1st period - Shot by Elias Lindholm. 4:53 of 1st period - Shot Misses the Net. 5:01 of 1st period - Simon Benoit is hit by Jake Neighbours and loses puck. 5:06 of 1st period - Shot by Wyatt Johnston. 5:06 of 1st period - Shot Misses the Net. 5:27 of 1st period - Icing by Ian Cole. 5:28 of 1st period - Elias Lindholm wins face-off versus Trevor Lewis in BANFF WOLVES zone. 5:41 of 1st period - Shot by J.T. Compher. 5:41 of 1st period - Stopped by Martin Jones with a rebound. 5:53 of 1st period - Adam Henrique is hit by Trevor Lewis and loses puck. 6:33 of 1st period - Shot by Adam Henrique. 6:33 of 1st period - Stopped by Martin Jones without a rebound. 6:34 of 1st period - Radek Faksa wins face-off versus Joel Eriksson Ek in SAN DIEGO THUNDER zone. 6:51 of 1st period - Minor Penalty to Radek Faksa for Interference. 6:52 of 1st period - Elias Lindholm wins face-off versus Wyatt Johnston in SAN DIEGO THUNDER zone. 7:03 of 1st period - Shot by Elias Lindholm. 7:03 of 1st period - Shot Blocked by Charles McAvoy. 7:05 of 1st period - Shot by Drake Batherson. 7:05 of 1st period - Shot Blocked by Charles McAvoy. 7:07 of 1st period - Shot by Roope Hintz. 7:07 of 1st period - Shot Misses the Net. 7:28 of 1st period - Icing by Roman Josi. 7:29 of 1st period - Elias Lindholm wins face-off versus Wyatt Johnston in BANFF WOLVES zone. 7:47 of 1st period - Icing by Roope Hintz. 7:48 of 1st period - Wyatt Johnston wins face-off versus Mats Zuccarello in BANFF WOLVES zone. 8:59 of 1st period - Dawson Mercer is hit by Jack Johnson and loses puck. 9:10 of 1st period - Shot by Casey Cizikas. 9:10 of 1st period - Shot Misses the Net. 9:12 of 1st period - Shot by Valtteri Puustinen. 9:12 of 1st period - Shot Misses the Net. 9:15 of 1st period - Dawson Mercer is hit by Jack Johnson and loses puck. 9:24 of 1st period - Shot by Casey Cizikas. 9:24 of 1st period - Shot Misses the Net. 9:26 of 1st period - Shot by Ian Cole. 9:26 of 1st period - Stopped by Martin Jones without a rebound. 9:27 of 1st period - J.T. Compher wins face-off versus Trevor Lewis in SAN DIEGO THUNDER zone. 9:42 of 1st period - Shot by Elias Lindholm. 9:42 of 1st period - Shot Blocked by Marc Staal. 9:44 of 1st period - Shot by Roman Josi. 9:44 of 1st period - Stopped by Martin Jones without a rebound. 9:45 of 1st period - Aliaksei Protas wins face-off versus Joel Eriksson Ek in SAN DIEGO THUNDER zone. 10:01 of 1st period - Brad Marchand is hit by Steven Lorentz and loses puck. 10:18 of 1st period - Brad Marchand is hit by Derek Forbort and loses puck. 10:56 of 1st period - Roope Hintz is hit by Derek Forbort and loses puck. 11:10 of 1st period - Icing by Nick Leddy. 11:11 of 1st period - Wyatt Johnston wins face-off versus J.T. Compher in BANFF WOLVES zone. 11:12 of 1st period - Shot by Filip Zadina. 11:12 of 1st period - Shot Misses the Net. 11:22 of 1st period - Shot by Jake Neighbours. 11:22 of 1st period - Stopped by Connor Hellebuyck with a rebound. 11:53 of 1st period - Jake Neighbours is hit by Roman Josi and loses puck. 11:57 of 1st period - Icing by Nick Leddy. 11:58 of 1st period - Elias Lindholm wins face-off versus Joel Farabee in BANFF WOLVES zone. 12:25 of 1st period - Shot by Quinton Hughes. 12:25 of 1st period - Stopped by Martin Jones without a rebound. 12:26 of 1st period - Wyatt Johnston wins face-off versus Adam Henrique in SAN DIEGO THUNDER zone. 12:26 of 1st period - Wyatt Johnston is hit by Adam Henrique. 12:45 of 1st period - Shot by Adam Henrique. 12:45 of 1st period - Shot Blocked by Adam Boqvist. 12:47 of 1st period - Shot by Adam Henrique. 12:47 of 1st period - Shot Blocked by Adam Boqvist. 12:49 of 1st period - Shot by Simon Benoit. 12:49 of 1st period - Shot Blocked by Marc Staal. 14:22 of 1st period - Shot by Joel Eriksson Ek. 14:22 of 1st period - Deflect By Mats Zuccarello. 14:22 of 1st period - Shot Misses the Net. 15:34 of 1st period - Shot by Elias Lindholm. 15:34 of 1st period - Stopped by Martin Jones with a rebound. 15:36 of 1st period - Shot by Elias Lindholm. 15:36 of 1st period - Shot Misses the Net. 16:06 of 1st period - Shot by Valtteri Puustinen. 16:06 of 1st period - Deflect By Casey Cizikas. 16:06 of 1st period - Shot Misses the Net. 16:08 of 1st period - Shot by Miro Heiskanen. 16:08 of 1st period - Stopped by Martin Jones with a rebound. 16:57 of 1st period - Minor Penalty to Trevor Lewis for Hooking. 16:58 of 1st period - Brendan Gallagher wins face-off versus Joel Eriksson Ek in SAN DIEGO THUNDER zone. 18:39 of 1st period - Shot by Joel Eriksson Ek. 18:39 of 1st period - Stopped by Martin Jones without a rebound. 18:40 of 1st period - Joel Farabee wins face-off versus Joel Eriksson Ek in SAN DIEGO THUNDER zone. 18:59 of 1st period - Shot by Brad Marchand. 18:59 of 1st period - Stopped by Martin Jones without a rebound. 19:00 of 1st period - Casey Cizikas wins face-off versus Trevor Lewis in SAN DIEGO THUNDER zone. 19:46 of 1st period - Shot by Derek Forbort. 19:46 of 1st period - Shot Blocked by Simon Benoit. Goals for this period are 0 for BANFF WOLVES vs 0 for SAN DIEGO THUNDER. Shots for this period are 11 for BANFF WOLVES vs 3 for SAN DIEGO THUNDER. 2nd period 0:01 of 2nd period - Joel Eriksson Ek wins face-off versus Wyatt Johnston in neutral zone. 0:06 of 2nd period - Shot by Mats Zuccarello. 0:06 of 2nd period - Deflect By Joel Eriksson Ek. 0:06 of 2nd period - Shot Hit the Post. 0:23 of 2nd period - Mats Zuccarello is hit by Erik Cernak and loses puck. 0:27 of 2nd period - Icing by Charles McAvoy. 0:28 of 2nd period - Wyatt Johnston wins face-off versus Elias Lindholm in SAN DIEGO THUNDER zone. 0:28 of 2nd period - Wyatt Johnston is hit by Elias Lindholm. 0:49 of 2nd period - Off-side. 0:50 of 2nd period - Joel Eriksson Ek wins face-off versus Trevor Lewis in neutral zone. 1:01 of 2nd period - Shot by Mats Zuccarello. 1:01 of 2nd period - Deflect By Joel Eriksson Ek. 1:01 of 2nd period - Shot Misses the Net. 1:03 of 2nd period - Shot by Mats Zuccarello. 1:03 of 2nd period - Deflect By Brad Marchand. 1:03 of 2nd period - Stopped by Martin Jones without a rebound. 1:04 of 2nd period - J.T. Compher wins face-off versus Aliaksei Protas in SAN DIEGO THUNDER zone. 1:11 of 2nd period - Shot by Quinton Hughes. 1:11 of 2nd period - Shot Blocked by Nicklaus Perbix. 1:21 of 2nd period - Shot by Roope Hintz. 1:21 of 2nd period - Stopped by Martin Jones with a rebound. 1:23 of 2nd period - Shot by J.T. Compher. 1:23 of 2nd period - Shot Blocked by Nicklaus Perbix. 1:25 of 2nd period - Shot by Roope Hintz. 1:25 of 2nd period - Stopped by Martin Jones without a rebound. 1:26 of 2nd period - Radek Faksa wins face-off versus Joel Eriksson Ek in SAN DIEGO THUNDER zone. 1:26 of 2nd period - Radek Faksa is hit by Joel Eriksson Ek. 1:32 of 2nd period - Shot by Wyatt Johnston. 1:32 of 2nd period - Shot Misses the Net. 1:34 of 2nd period - Shot by Erik Cernak. 1:34 of 2nd period - Stopped by Connor Hellebuyck without a rebound. 1:35 of 2nd period - Wyatt Johnston wins face-off versus Joel Eriksson Ek in BANFF WOLVES zone. 1:38 of 2nd period - Shot by Wyatt Johnston. 1:38 of 2nd period - Stopped by Connor Hellebuyck without a rebound. 1:39 of 2nd period - Joel Eriksson Ek wins face-off versus Trevor Lewis in BANFF WOLVES zone. 1:44 of 2nd period - Shot by Joel Eriksson Ek. 1:44 of 2nd period - Stopped by Martin Jones with a rebound. 2:25 of 2nd period - Shot by Mats Zuccarello. 2:25 of 2nd period - Deflect By Brad Marchand. 2:25 of 2nd period - Stopped by Martin Jones without a rebound. 2:26 of 2nd period - Filip Zadina wins face-off versus Elias Lindholm in SAN DIEGO THUNDER zone. 2:44 of 2nd period - Icing by Miro Heiskanen. 2:45 of 2nd period - Elias Lindholm wins face-off versus Radek Faksa in BANFF WOLVES zone. 2:45 of 2nd period - J.T. Compher is hit by Wyatt Johnston and loses puck. 3:14 of 2nd period - Shot by J.T. Compher. 3:14 of 2nd period - Stopped by Martin Jones without a rebound. 3:15 of 2nd period - Jason Dickinson wins face-off versus Aliaksei Protas in SAN DIEGO THUNDER zone. 3:16 of 2nd period - Shot by Drake Batherson. 3:16 of 2nd period - Shot Misses the Net. 3:31 of 2nd p